 Dungeon Crawl Stone Soup version 0.31-a0-986-g5e6e4ef867 (webtiles) character file.

Game seed: 5407796856692772093

4 Strat the Ruffian (level 1, -2/16 HPs)
             Began as a Draconian Shapeshifter on Nov 6, 2023.
             Succumbed to a kobold's poison
             ... on level 1 of the Dungeon.
             The game lasted 00:00:39 (193 turns).

Strat the Ruffian (Draconian Shapeshifter)           Turns: 193, Time: 00:00:40

Health: -2/16      AC:  4    Str: 16    XL:     1   Next: 58%
Magic:  1/1        EV: 12    Int: 10    God:
Gold:   30         SH:  0    Dex: 10    Spells: 0/0 levels left

rFire   . .          .
                       - Unarmed
rCold   . . .        (no shield)
rNeg    . . .        (body armour unavailable)
rPois   .            (helmet currently unavailable)
rElec   .            (cloak currently unavailable)
rCorr   .            (gloves currently unavailable)
SInv    .            (boots currently unavailable)
Will    .....        (no amulet)
Stlth   +            (no ring)
HPRegen 0.22/turn    (no ring)
MPRegen 0.07/turn

%: no passive effects
@: lethally poisoned (-2 -> -25), beast-form
A: beast (slay +1), AC +4, unfitting armour, cold-blooded
a: Begin Untransformation


You were on level 1 of the Dungeon.
You were a hulking beast.
You visited 1 branch of the dungeon, and saw 1 of its levels.

You collected 30 gold pieces.

Inventory:

Talismans
 b - a beast talisman
 c - a flux talisman
Potions
 a - a potion of lignification


   Skills:
 - Level 1.1 Fighting
 - Level 1.7 Dodging
 + Level 3.1 Unarmed Combat
 + Level 3.1 Shapeshifting


You couldn't memorise any spells.
You didn't know any spells.
Your spell library was empty.

Dungeon Overview and Level Annotations

Branches:
Dungeon (1/15)

Altars:


Innate Abilities, Weirdness & Mutations

You are a hulking beast.
Your limbs bulge with bestial killing power. (Slay +1)
Your plain brown scales are hard. (AC +4)
You cannot fit into any form of body armour.
You are cold-blooded and may be slowed by cold attacks.


Message History

You hit the kobold but do no damage. The kobold barely misses you.
You hit the kobold.
Your tail-slap misses the kobold.
The kobold is moderately wounded.
The kobold hits you but does no damage.
You barely miss the kobold.
The kobold is moderately wounded.
The kobold barely misses you.
You hit the kobold but do no damage.
The kobold is moderately wounded.
The kobold hits you with a +0 club.
You barely miss the kobold. Your punch misses the kobold.
The kobold is moderately wounded.
The kobold closely misses you.
You hit the kobold.
You kill the kobold!
Things that are here:
a +0 club; a kobold corpse
Found a robe.
A hobgoblin comes into view.
The hobgoblin shouts!
The hobgoblin misses you.
You hit the hobgoblin. You tail-slap the hobgoblin.
You kill the hobgoblin!
You now have 30 gold pieces (gained 12).
A kobold comes into view. It is wielding a +3 dagger of venom.
The kobold shouts!
The kobold hits you with a +3 dagger of venom.
You are lethally poisoned!
An endoplasm comes into view.
* * * LOW HITPOINT WARNING * * *
You feel very sick. The kobold barely misses you.
You closely miss the kobold.
* * * LOW HITPOINT WARNING * * *
You feel sick.
The endoplasm quivers.
The kobold hits you with a +3 dagger of venom.
* * * LOW HITPOINT WARNING * * *
You are more poisoned.
You die...

# ## #.#### #.
......#######.. # #.
............. . #.
......#...## #.###.
...........# #...##.
..J...#Kh.### ##.#.# .
..... ##....# #.... #..
...#####.##.#####..# #.
#..............##.# ## #
##..##..##..##.#
##....## #.##.# ##..##
##.##.## #..# ##..##..##
...###..###...##...#####


You could see a kobold.

Vanquished Creatures
  An endoplasm (D:1)
  A giant cockroach (D:1)
  A hobgoblin (D:1)
  A kobold (D:1)
4 creatures vanquished.

Notes
Turn   | Place    | Note
-------+----------+-------------------------------------------
     0 | D:1      | Strat the Draconian Shapeshifter began the quest for the
                  | Orb.
     0 | D:1      | Reached XP level 1. HP: 16/16 MP: 1/1
   193 | D:1      | Succumbed to a kobold's poison

Illustrated notes

Levels and vault maps discovered:
D:1:      dpeg_arrival_rhombi, layout_loops_corners, palyth_stone_intersect,
          hangedman_abyss_or_decor_lesser_grid

Action                     || total
---------------------------++-------
  Melee: Unarmed           ||    12
         Tailslap          ||     2
 Armour: Skin              ||     5
  Dodge: Dodged            ||     9

Table legend: (Time is in decaauts)
 A = Elapsed time spent in this place.
 B = Non-inter-level travel time spent in this place.
 C = Inter-level travel time spent in this place.
 D = Time resting spent in this place.
 E = Time spent auto-exploring this place.
 F = Levels seen in this place.
 G = Mean time per level.
                   A        B        C        D        E       F      G
               +--------+--------+--------+--------+--------+-----+--------+
         Total |    192 |    192 |      0 |      0 |    144 |   1 |  192.0 |
       Dungeon |    192 |    192 |      0 |      0 |    144 |   1 |  192.0 |
               +--------+--------+--------+--------+--------+-----+--------+

Top non-repeatable levels by time:
     D:1: 192 daAuts
